Map: Orbital Shipyard

Players

Terran

  • Race: Terran Terran
  • League: Master

MorN - Winner!

  • Race: Terran Terran
  • League: Master

VOD

Have the link to the VOD?

Description

Time

  • Played on: Dec. 10, 2015, 12:01 p.m.
  • Length: 8:40
Show
View Real Time Build Order
Export as new Build Order

Terran Terran 

Build Orders: 1/1/1, MMM Bio 

Get SALT Encoding   

  12  0:00  SCV  
  13  0:13  SCV  
  14  0:17  Supply Depot  
  14  0:25  SCV  
  14  0:27  Refinery  
  15  0:39  SCV  
  16  0:45  Barracks  
  16  0:51  SCV  
  17  1:03  SCV  
  18  1:15  SCV  
  19  1:32  Orbital Command  
  19  1:33  Marine  
  19  1:35  Factory  
  19  1:38  Refinery  
  20  1:40  Supply Depot  
  20  1:50  Marine  
  21  1:58  SCV  
  22  2:08  Marine  
  22  2:10  SCV  
  24  2:21  Hellion, Starport  
  26  2:23  SCV  
  26  2:26  Marine  
  26  2:29  Supply Depot  
  28  2:42  Hellion  
  28  2:43  SCV  
  31  2:45  Barracks Reactor  
  31  2:55  SCV  
  31  2:57  Supply Depot  
  32  2:59  Starport Tech Lab  
  32  3:04  Factory Tech Lab  
  32  3:12  SCV  
  33  3:19  Supply Depot  
  33  3:22  Marine x2  
  33  3:23  Raven  
  33  3:24  SCV  
  38  3:28  Siege Tank  
  41  3:41  SCV  
  42  3:53  Command Center  
  42  3:57  SCV  
  43  4:12  Viking  
  43  4:13  Viking, Stimpack  
  43  4:14  Marine  
  43  4:15  SCV  
  49  4:19  Supply Depot  
  49  4:32  SCV  
  49  4:36  Siege Tank  
  53  4:41  Refinery  
  53  4:44  Refinery  
  48  4:55  SCV  
  48  4:58  Marine  
  50  5:04  Barracks  
  50  5:05  Barracks  
  50  5:08  SCV  
  50  5:09  Orbital Command  
  51  5:19  Medivac x2  
  55  5:27  SCV  
  56  5:34  Marine  
  57  5:37  SCV  
  57  5:39  SCV  
  57  5:41  Engineering Bay  
  59  5:47  Engineering Bay  
  59  5:49  SCV  
  60  5:51  SCV  
  60  5:52  Barracks Reactor  
  60  5:54  Barracks Reactor  
  61  6:01  SCV  
  61  6:04  SCV  
  63  6:09  Siege Tank  
  66  6:13  SCV  
  66  6:15  Terran Infantry Weapons Level 1  
  66  6:16  Terran Infantry Armor Level 1  
  67  6:20  Combat Shields  
  67  6:23  SCV  
  67  6:25  SCV  
  69  6:29  Marine  
  69  6:30  Marine x3  
  73  6:36  Supply Depot  
  73  6:37  SCV  
  73  6:38  SCV  
  75  6:43  Supply Depot  
  75  6:52  SCV x2, Marine  
  78  6:58  Supply Depot, Marine x4  
  82  7:04  SCV x2  
  82  7:07  Supply Depot  
  84  7:14  Medivac x2  
  88  7:16  SCV  
  88  7:17  SCV  
  68  7:32  Siege Tank  
  68  7:34  SCV x2  
  73  7:40  Command Center  
  73  7:46  SCV  
  73  7:47  Marine x3  
  73  7:48  Barracks, Marine  
  73  7:49  Barracks, Marine  
  73  8:05  Marine x3  
Show
View Real Time Build Order
Export as new Build Order

MorN Terran - Winner!

Build Orders: 1/1/1, Banshee Rush 

Get SALT Encoding   

  12  0:01  SCV  
  13  0:13  SCV  
  14  0:18  Supply Depot  
  14  0:26  SCV  
  14  0:27  Refinery  
  15  0:40  SCV  
  16  0:45  Barracks  
  16  0:53  Refinery  
  16  0:55  SCV  
  17  1:07  SCV  
  18  1:19  SCV  
  19  1:32  Orbital Command  
  19  1:33  Reaper  
  19  1:36  Factory  
  20  1:54  Supply Depot  
  20  1:58  SCV  
  21  2:05  Reaper  
  22  2:12  SCV  
  23  2:21  Hellion  
  23  2:22  Starport  
  25  2:24  SCV  
  26  2:41  Barracks Tech Lab  
  26  2:43  Hellion  
  28  2:57  SCV  
  28  3:06  Cloaking Field  
  28  3:07  Banshee  
  31  3:16  Supply Depot  
  31  3:18  Command Center  
  31  3:22  Barracks Reactor, Factory Tech Lab  
  31  3:38  SCV  
  32  3:50  SCV  
  32  3:51  Cyclone  
  36  4:00  Supply Depot  
  36  4:01  Marine  
  36  4:02  SCV, Marine  
  39  4:21  SCV, Raven  
  44  4:31  Barracks  
  42  4:32  Engineering Bay, Barracks, Orbital Command  
  42  4:33  SCV  
  42  4:34  Factory Reactor  
  43  4:52  SCV  
  41  4:55  Marine  
  41  4:56  Stimpack  
  41  4:59  SCV  
  43  5:00  Terran Infantry Weapons Level 1  
  43  5:01  Supply Depot  
  43  5:07  SCV  
  43  5:12  SCV  
  43  5:13  Starport Reactor  
  45  5:17  Marine  
  45  5:18  Refinery  
  45  5:19  SCV  
  47  5:22  Marine x2  
  47  5:23  Siege Tank  
  47  5:28  SCV  
  53  5:31  SCV  
  53  5:35  Marine  
  54  5:37  Supply Depot, Marine x2  
  54  5:40  SCV, Marine x2  
  60  5:43  SCV  
  61  5:52  SCV  
  61  5:53  Medivac, Marine  
  61  5:54  Medivac  
  61  5:55  Marine  
  61  5:56  SCV  
  69  5:58  Supply Depot  
  69  6:00  Marine  
  69  6:01  Supply Depot  
  70  6:04  SCV, Marine x2  
  70  6:08  SCV  
  74  6:16  SCV  
  75  6:20  SCV  
  76  6:29  Marine x3  
  76  6:30  Siege Tank, Marine  
  76  6:32  SCV  
  84  6:33  Medivac  
  84  6:35  Medivac  
  84  6:39  Supply Depot  
  88  6:41  Command Center  
  88  6:46  SCV  
  89  6:48  Supply Depot  
  89  6:49  Refinery  
  89  6:52  Marine x4  
  93  6:55  Marine  
  94  7:03  SCV  
  94  7:05  Supply Depot, Medivac  
  97  7:09  Marine  
  97  7:10  Marine x3  
  94  7:33  Marine x5  
  94  7:34  SCV  
  100  7:38  Barracks  
  100  7:40  Barracks  
  100  7:41  SCV  
  101  7:45  Supply Depot  
  101  7:49  Supply Depot  
  101  7:50  Supply Depot  
  101  7:51  Marine x4  
  105  7:59  Marine  
  105  8:00  Medivac  
  108  8:08  Marine  
  108  8:10  Marine x2  
  111  8:12  Marine  
  111  8:16  Marine  
  101  8:27  Barracks Reactor x2  
Tags
 
Composition
MMM Bio
Matchup
TvT
Opening
1/1/11/1/1
Race
Terran
Strategy
Banshee Rush
Add a new tag
Caveats
  • Supply blocks, unpowered buildings, or Contaminate may cause inaccurate times.
  • Supply counts are checked every 10 seconds.